Map: Jagannatha LE

Players

Rogue

  • Race: Zerg Zerg
  • Spawn Location: 7:00

Vanya - Winner!

  • Race: Zerg Zerg
  • Spawn Location: 1:00

Event: StayAtHome Story Cup #3

VOD

Have the link to the VOD?

Description

Time

  • Played on: March 11, 2021, 7:40 a.m.
  • Length: 4:05

All games in this series

Show
View Real Time Build Order
Export as new Build Order

Rogue Zerg 

Build Orders: Pool First 

Get SALT Encoding   

  12  0:17  Spawning Pool  
  11  0:22  Drone  
  11  0:26  Drone  
  13  0:30  Drone  
  14  0:40  Overlord  
  14  1:04  Zergling x4  
  16  1:05  Zergling x2  
  17  1:15  Hatchery  
  17  1:18  Zergling x2  
  17  1:27  Zergling x2  
  18  1:33  Queen  
  18  1:38  Extractor  
  20  1:40  Drone  
  20  1:49  Drone  
  21  1:58  Overlord  
  21  2:09  Drone  
  22  2:16  Queen  
  22  2:20  Drone  
  25  2:28  Drone  
  26  2:31  Drone  
  26  2:39  Drone  
  26  2:42  Metabolic Boost  
  26  2:44  Drone  
  27  2:45  Drone  
  27  2:49  Drone  
  27  2:51  Drone  
  30  2:56  Drone  
  31  3:00  Drone  
  31  3:02  Drone  
  33  3:07  Overlord  
  33  3:14  Drone  
  33  3:16  Drone x2  
  36  3:21  Overlord  
  36  3:27  Zergling x8  
  38  3:31  Evolution Chamber  
  39  3:37  Zergling x4  
  41  3:41  Zergling x2  
  41  3:46  Zergling x2  
  41  3:48  Zergling x2  
Show
View Real Time Build Order
Export as new Build Order

Vanya Zerg - Winner!

Build Orders: Pool First 

Get SALT Encoding   

  12  0:17  Spawning Pool  
  11  0:22  Drone  
  11  0:26  Drone  
  13  0:31  Drone  
  14  0:40  Overlord  
  14  1:00  Extractor  
  14  1:03  Zergling x4  
  15  1:05  Zergling x2  
  16  1:16  Zergling x2  
  17  1:21  Hatchery  
  16  1:27  Zergling x2  
  17  1:37  Zergling x2  
  18  1:49  Queen  
  20  1:59  Metabolic Boost  
  20  2:06  Zergling x2  
  21  2:09  Zergling x2  
  22  2:25  Overlord  
  22  2:33  Zergling x2  
  22  2:34  Zergling x2  
  22  2:36  Zergling x2  
  21  2:46  Zergling x4  
  23  2:54  Zergling x2  
  24  3:00  Zergling x6  
  24  3:02  Zergling x2  
  28  3:08  Zergling x2  
  28  3:09  Zergling x2  
  30  3:17  Zergling x2  
  30  3:18  Zergling x2  
  32  3:27  Zergling x2  
  32  3:30  Zergling x2  
  34  3:38  Zergling x4  
  36  3:47  Drone  
  35  3:49  Drone  
  35  3:50  Drone  
Tags
 
Add a new tag
Caveats
  • Supply blocks, unpowered buildings, or Contaminate may cause inaccurate times.
  • Supply counts are checked every 10 seconds.